 Dungeon Crawl Stone Soup version 0.30.0-19-g36f170ea60 (webtiles) character file.

Game seed: 15849277511612852868

21 Peloso the Shield-Bearer (level 2, -1/27 HPs)
             Began as a Minotaur Fighter on June 1, 2023.
             Succumbed to a scorpion's poison
             ... on level 1 of the Dungeon.
             The game lasted 00:01:56 (671 turns).

Peloso the Shield-Bearer (Minotaur Fighter)          Turns: 671, Time: 00:01:57

Health: -1/27      AC:  7    Str: 20    XL:     2   Next: 65%
Magic:  1/1        EV:  9    Int:  5    God:
Gold:   35         SH:  4    Dex:  9    Spells: 1/1 levels left

rFire   . . .        a - +0 long sword
rCold   . . .        c - +0 buckler
rNeg    . . .        b - +0 scale mail
rPois   .            (helmet restricted)
rElec   .            (no cloak)
rCorr   .            (no gloves)
SInv    .            (no boots)
Will    .....        (no amulet) Stlth
                     (no ring)
HPRegen 0.24/turn    (no ring)
MPRegen 0.07/turn

%: no passive effects
@: lethally poisoned (-1 -> -13), hasted (expiring), very quick
A: horns 2, retaliatory headbutt
a: no special abilities


You were on level 1 of the Dungeon.
You visited 1 branch of the dungeon, and saw 2 of its levels.

You collected 35 gold pieces.

Inventory:

Hand Weapons
 a - a +0 long sword (weapon)
Armour
 b - a +0 scale mail (worn)
 c - a +0 buckler (worn)
Scrolls
 g - a scroll of vulnerability {unknown}
Potions
 d - a potion of might


   Skills:
 + Level 3.9 Fighting
 + Level 2.6 Long Blades
 + Level 4.1 Armour
 + Level 4.1 Shields


You had one spell level left.
You didn't know any spells.
Your spell library contained the following spells:

 Spells                   Type           Power      Damage    Failure   Level
 Slow                     Hex            0%         N/A       88%         1
 Confusing Touch          Hex            0%         N/A       99%         3
 Vampiric Draining        Necr           0%         2d6       99%         3


Dungeon Overview and Level Annotations

Branches:
Dungeon (2/15)

Altars:


Innate Abilities, Weirdness & Mutations

You have a pair of horns on your head.
You reflexively headbutt those who attack you in melee.


Message History

There is a stone staircase leading up here.
There are monsters nearby!
The scorpion stings you.
You are poisoned.
The scorpion poisons you!
You climb upwards.
You feel sick.
There is a stone staircase leading down here.
You closely miss the scorpion.
You feel sick.
The scorpion stings you but does no damage.
You barely miss the scorpion.
You feel sick. The scorpion stings you.
You hit the scorpion but do no damage.
You feel sick. The scorpion closely misses you.
You barely miss the scorpion.
You feel sick.
The scorpion stings you but does no damage.
You closely miss the scorpion.
You feel sick. The scorpion barely misses you.
You slash the scorpion! You headbutt the scorpion.
The scorpion is heavily wounded.
The scorpion stings you.
You barely miss the scorpion.
The scorpion is heavily wounded.
Your extra speed is starting to run out.
You feel sick.
You are no longer poisoned.
The scorpion stings you but does no damage.
You hit the scorpion but do no damage.
The scorpion is heavily wounded.
The scorpion stings you.
* * * LOW HITPOINT WARNING * * *
You closely miss the scorpion.
The scorpion is heavily wounded.
You block the scorpion's attack.
You hit the scorpion.
The scorpion is almost dead.
The scorpion stings you.
* * * LOW HITPOINT WARNING * * *
You are lethally poisoned!
The scorpion poisons you!
You barely miss the scorpion.
The scorpion is almost dead.
You die...

#.# #.###.# #.#
#.# #.# #.# #.#
#.# #.# #.# #.#
##.## #.# #.#
##...#####.# #.#
#..........#######
#....######......#
#.#....).......s@#
#.##########....<#
..# #.....# ###
#######


You could see a scorpion.

Vanquished Creatures
  3 ball pythons (D:1)
  3 endoplasms (D:1)
  2 goblins (D:1)
  A hobgoblin (D:1)
  2 jackals (D:1)
  3 bats (D:1)
  A frilled lizard (D:1)
  2 kobolds (D:1)
  2 rats (D:1)
19 creatures vanquished.

Notes
Turn   | Place    | Note
-------+----------+-------------------------------------------
     0 | D:1      | Peloso the Minotaur Fighter began the quest for the Orb.
     0 | D:1      | Reached XP level 1. HP: 19/19 MP: 0/0
   135 | D:1      | Reached XP level 2. HP: 27/27 MP: 1/1
   656 | D:2      | Noticed a scorpion
   671 | D:1      | Succumbed to a scorpion's poison

Illustrated notes

Levels and vault maps discovered:
D:1:      dpeg_arrival_fog, layout_loops_ring
D:2:      layout_rooms, shapermc_ecumenical_altar_mp_ritualfount,
          due_unseen_surprise

Skill      XL: |  1  2 |
---------------+-------+-----
Shields        | 4 |  4.1
Armour         | 4 |  4.1
Fighting       | |  3.9
Long Blades    | |  2.6

Action                     || total
---------------------------++-------
  Melee: Long sword        ||    50
         Headbutt          ||     7
    Use: Scroll            ||     2
         Potion            ||     1
 Armour: Scale mail        ||    22
  Dodge: Dodged            ||    22
  Block: Buckler           ||    14
